 Dungeon Crawl Stone Soup version 0.31.0-32-g396128a36d (webtiles) character file.

Game seed: 2972899570233964425

672850 jimmypageman the Axe Maniac (level 27, -13/453 HPs)
             Began as a Minotaur Fighter on Apr 17, 2024.
             Was the Champion of the Shining One.
             Mangled by an iron golem (22 damage)
             ... on level 17 of a ziggurat.
             The game lasted 01:58:32 (65853 turns).

jimmypageman the Axe Maniac (Minotaur Fighter)     Turns: 65853, Time: 01:58:33

Health: -13/453    AC: 41    Str: 33    XL:     27
Magic:  0/39       EV: 11    Int: 11    God:    the Shining One [******]
Gold:   7297       SH: 48    Dex: 19    Spells: 26/26 levels left

rFire   + . .        n - +11 broad axe of Ad Valorem {elec, Str+3 Dex+6}
rCold   + + .        Z - +1 tower shield {rPois}
rNeg    + + +        T - +12 gold dragon scales
rPois   +            u - +2 hat "Vyrof" {rPois Regen+ Slay+2}
rElec   +            C - scarf {harm}
rCorr   +            R - +0 pair of gloves {infuse}
SInv    .            A - +2 pair of boots {Fly}
Will    +++..        s - amulet "Baurerch" {Reflect +Inv SH+5} Stlth
                     V - ring of the Octopus King {rCorr HP+2 AC+2 EV+2 SH+2}
HPRegen 1.75/turn    p - ring "Muikkoplyu" {rElec rN+ Int+2}
MPRegen 0.26/turn

%: harm (+30% outgoing, +20% incoming), reflection
@: berserking (expiring), divinely shielded, corroded, flying, slowed, glowing,
studying Long Blades
A: horns 2, retaliatory headbutt, talons 1, clever 1, cold resistance 1, high MP
1, strong-willed 1, robust 1, evolution 1, inability to drink after injury 1
}: 4/15 runes: decaying, serpentine, slimy, silver
a: Renounce Religion, Evoke Invisibility, Divine Shield, Cleansing Flame, Summon
Divine Warrior


You were on level 17 of a ziggurat.
You worshipped the Shining One.
The Shining One was exalted by your worship.
You visited 11 branches of the dungeon, and saw 51 of its levels.
You visited the Abyss 1 time.
You visited 1 ziggurat, and saw 17 of its levels.
You also visited: Gauntlet, Ice Cave, Volcano, Wizlab and Desolation.

You collected 9996 gold pieces.
You spent 2699 gold pieces at shops.

Inventory:

Hand Weapons
 n - the +11 broad axe of Ad Valorem (weapon) {elec, Str+3 Dex+6}
   (Okawaru gifted it to you on level 10 of the Dungeon)

   Str+3:     It affects your strength (+3).
   Dex+6:     It affects your dexterity (+6).
Missiles
 x - 65 boomerangs
 z - 27 javelins (quivered)
 G - 3 throwing nets
 S - 10 silver javelins
Armour
 u - the +2 hat "Vyrof" (worn) {rPois Regen+ Slay+2}
   (You found it on level 2 of the Dungeon)

   Slay+2:    It affects your accuracy & damage with ranged weapons and melee
   (+2).
   rPois:     It protects you from poison Regen+: It increases your rate of
   health regeneration.
 A - a +2 pair of boots of flying (worn)
 C - a scarf of harm (worn)
 J - a +1 pair of boots of rampaging
 R - a +0 pair of gloves of infusion (worn)
 T - +12 gold dragon scales (worn)
 Z - a +1 tower shield of poison resistance (worn)
Jewellery
 c - the ring of Xuurghai {Will++ Str+3 Int+6 Stlth+}
   (You took it off a deep elf demonologist on level 3 of the Elven Halls)

   [ring of intelligence]

   Str+3:     It affects your strength (+3).
   Int+6:     It affects your intelligence (+6).
   Will++:    It greatly increases your willpower.
   Stlth+:    It makes you more stealthy.
 p - the ring "Muikkoplyu" (right hand) {rElec rN+ Int+2}
   (You acquired it on level 4 of the Snake Pit)

   [ring of positive energy]

   Int+2:     It affects your intelligence (+2).
   rElec:     It insulates you from electricity.
   rN+:       It protects you from negative energy.
 s - the amulet "Baurerch" (around neck) {Reflect +Inv SH+5}
   (You found it in the Desolation of Salt)

   [amulet of reflection]

   Reflect:   It reflects blocked missile attacks.
   +Inv:      It lets you turn invisible.
   SH+5:      It affects your SH (+5).
 N - a +4 ring of slaying
 V - a ring of the Octopus King (left hand) {rCorr HP+2 AC+2 EV+2 SH+2}
   (You found it on level 1 of the Depths)

   [ring of resist corrosion]

   AC+2:      It affects your AC (+2).
   EV+2:      It affects your evasion (+2).
   HP+2:      It affects your health (+2).
   rCorr:     It protects you from acid and corrosion.
   SH+2:      It affects your SH (+2).
 X - the amulet of Doimerro {Spirit Will+++ Dex-4 Stlth+}
   (You acquired it on level 10 of a ziggurat)

   [amulet of guardian spirit]

   Spirit:    It causes incoming damage to be divided between your reserves of
   health and magic.
   Dex-4:     It affects your dexterity (-4).
   Will+++:   It greatly increases your willpower.
   Stlth+:    It makes you more stealthy.
 Y - a +4 ring of slaying
Wands
 a - a wand of charming (10)
 e - a wand of digging (30)
 I - a wand of mindburst (58)
 O - a wand of quicksilver (38)
 U - a wand of roots (64)
Scrolls
 b - 5 scrolls of silence
 d - 5 scrolls of enchant armour
 i - 6 scrolls of brand weapon
 o - 18 scrolls of teleportation
 r - 5 scrolls of blinking
 v - 12 scrolls of fear
 y - 3 scrolls of enchant weapon
 P - 14 scrolls of fog
 Q - 7 scrolls of revelation
Potions
 g - 8 potions of berserk rage
 h - 6 potions of magic
 j - 5 potions of haste
 k - 5 potions of resistance
 l - 3 potions of invisibility
 m - a potion of cancellation
 q - 3 potions of ambrosia
 w - 10 potions of heal wounds
 E - 8 potions of enlightenment
 F - 5 potions of lignification
 H - 3 potions of might
 L - 9 potions of mutation
 M - 22 potions of curing
 W - 9 potions of brilliance
Miscellaneous
 t - a lightning rod (4/4)
 D - a condenser vane
 K - a phial of floods


   Skills:
 O Level 27 Fighting
 + Level 0.5(0.7) Short Blades
 + Level 0.6(0.9) Long Blades
 O Level 27 Axes
 + Level 0.6(18.0) Maces & Flails
 + Level 0.6(18.0) Polearms
 + Level 0.6(1.0) Staves
 + Level 0.5 Ranged Weapons
 * Level 13.8 Throwing
 O Level 27 Armour
 - Level 1.3 Dodging
 O Level 27 Shields
 + Level 0.9 Unarmed Combat
 + Level 0.3 Spellcasting
 + Level 0.3 Conjurations
 + Level 0.3 Hexes
 + Level 0.4 Summonings
 + Level 0.3 Necromancy
 + Level 0.5 Translocations
 + Level 0.2 Fire Magic
 + Level 0.5 Ice Magic
 + Level 0.4 Air Magic
 + Level 0.5 Earth Magic
 + Level 0.4 Alchemy
 * Level 19.5 Invocations
 + Level 4.1 Evocations
 + Level 0.2 Shapeshifting


You had 26 spell levels left.
You didn't know any spells.
Your spell library contained the following spells:

 Spells                   Type           Power      Damage    Failure   Level
 Apportation              Tloc           2%         N/A       77%         1
 Sandblast                Erth           2%         2d4       77%         1
 Summon Small Mammal      Summ           4%         N/A       78%         1
 Foxfire                  Conj/Fire      0%         2x1d4     80%         1
 Magic Dart               Conj           0%         1d3       80%         1
 Necrotise                Necr           4%         1d4       80%         1
 Shock                    Conj/Air       4%         1d3       80%         1
 Sting                    Conj/Alch      0%         1d3       80%         1
 Blink                    Tloc           2%         N/A       88%         2
 Lesser Beckoning         Tloc           2%         N/A       88%         2
 Call Imp                 Summ           2%         N/A       89%         2
 Ensorcelled Hibernation  Hex/Ice        2%         N/A       89%         2
 Mercury Vapours          Alch/Air       2%         N/A       89%         2
 Momentum Strike          Conj/Tloc      2%         3d8       89%         2
 Cigotuvi's Dreadful Rot  Necr/Alch/Air  2%         N/A       90%         2
 Static Discharge         Conj/Air       2%         3-4/arc   90%         2
 Sublimation of Blood     Necr           1%         N/A       90%         2
 Jinxbite                 Hex            0%         N/A       91%         2
 Scorch                   Fire           0%         2d5       91%         2
 Searing Ray              Conj           0%         2d4       91%         2
 Call Canine Familiar     Summ           1%         N/A       98%         3
 Frozen Ramparts          Ice            2%         1d1       98%         3
 Gell's Gravitas          Tloc           1%         N/A       98%         3
 Hailstorm                Conj/Ice       1%         3d5       98%         3
 Ozocubu's Armour         Ice            1%         N/A       98%         3
 Passwall                 Erth           1%         N/A       98%         3
 Stone Arrow              Conj/Erth      2%         3d7       98%         3
 Summon Ice Beast         Ice/Summ       1%         N/A       98%         3
 Swiftness                Air            1%         N/A       98%         3
 Teleport Other           Tloc           1%         N/A       98%         3
 Dazzling Flash           Conj/Hex       0%         N/A       99%         3
 Fugue of the Fallen      Necr           1%         N/A       99%         3
 Inner Flame              Hex/Fire       0%         N/A       99%         3
 Mephitic Cloud           Conj/Alch/Air  1%         N/A       99%         3
 Sigil of Binding         Hex            0%         N/A       99%         3
 Tukima's Dance           Hex            0%         N/A       99%         3
 Vampiric Draining        Necr           1%         2d6       99%         3
 Volatile Blastmotes      Fire/Tloc      2%         2d10      99%         3
 Airstrike                Air            0%         2d(1-17)  100%        4
 Anguish                  Hex/Necr       0%         N/A       100%        4
 Animate Armour           Summ/Erth      2%         N/A       100%        4
 Animate Dead             Necr           1%         N/A       100%        4
 Brom's Barrelling Bould  Conj/Erth      1%         2d3       100%        4
 Cause Fear               Hex            0%         N/A       100%        4
 Dimensional Bullseye     Hex/Tloc       0%         N/A       100%        4
 Dispel Undead            Necr           1%         3d6       100%        4
 Flame Wave               Conj/Fire      0%         2d4       100%        4
 Fulminant Prism          Conj/Alch      0%         3d5       100%        4
 Ignite Poison            Fire/Alch      0%         N/A       100%        4
 Iskenderun's Mystic Bla  Conj/Tloc      1%         2d3       100%        4
 Leda's Liquefaction      Alch/Erth      0%         N/A       100%        4
 Manifold Assault         Tloc           1%         N/A       100%        4
 Martyr's Knell           Necr/Summ      1%         N/A       100%        4
 Olgreb's Toxic Radiance  Alch           1%         N/A       100%        4
 Passage of Golubria      Tloc           1%         N/A       100%        4
 Petrify                  Alch/Erth      1%         N/A       100%        4
 Sticky Flame             Fire/Alch      0%         2d4       100%        4
 Summon Blazeheart Golem  Fire/Summ      0%         N/A       100%        4
 Summon Lightning Spire   Summ/Air       1%         N/A       100%        4
 Vhi's Electric Charge    Tloc/Air       2%         N/A       100%        4
 Alistair's Intoxication  Alch           0%         N/A       100%        5
 Arcjolt                  Conj/Air       0%         1d10      100%        5
 Borgnjor's Vile Clutch   Necr/Erth      0%         N/A       100%        5
 Curse of Agony           Necr           1%         N/A       100%        5
 Fireball                 Conj/Fire      0%         3d3       100%        5
 Freezing Cloud           Conj/Ice/Air   0%         6-21      100%        5
 Irradiate                Conj/Alch      0%         3d11      100%        5
 Lee's Rapid Deconstruct  Erth           0%         3d4*      100%        5
 Metabolic Englaciation   Hex/Ice        0%         N/A       100%        5
 Silence                  Hex/Air        0%         N/A       100%        5
 Summon Mana Viper        Hex/Summ       1%         N/A       100%        5
 Yara's Violent Unravell  Hex/Alch       0%         3d3       100%        5
 Bombard                  Conj/Erth      0%         9d1       100%        6
 Conjure Ball Lightning   Conj/Air       0%         3x3d6     100%        6
 Death Channel            Necr           0%         N/A       100%        6
 Dispersal                Tloc           0%         N/A       100%        6
 Plasma Beam              Fire/Air       0%         2x1d10    100%        6
 Sculpt Simulacrum        Ice/Alch       0%         N/A       100%        6
 Starburst                Conj/Fire      0%         6d3       100%        6
 Summon Cactus Giant      Summ           0%         N/A       100%        6
 Enfeeble                 Hex            0%         N/A       100%        7
 Spellforged Servitor     Conj/Summ      0%         N/A       100%        7
 Summon Hydra             Summ           0%         N/A       100%        7
 Discord                  Hex            0%         N/A       100%        8
 Disjunction              Tloc           0%         N/A       100%        8
 Lehudib's Crystal Spear  Conj/Erth      0%         10d2      100%        8
 Maxwell's Capacitive Co  Air            0%         ∞         100%        8
 Dragon's Call            Summ           0%         N/A       100%        9
 Shatter                  Erth           0%         3d5*      100%        9


Dungeon Overview and Level Annotations

Branches:
Dungeon (15/15)            Temple (1/1) D:5            Lair (5/5) D:8
  Swamp (4/4) Lair:3        Snake (4/4) Lair:3        Slime (5/5) Lair:4
    Orc (2/2) D:9             Elf (3/3) Orc:2        Vaults (5/5) D:14
  Crypt (3/3) Vaults:2       Tomb (0/3) Crypt:3      Depths (4/4) D:15
    Zot (0/5) Depths:4      IceCv (visited)         Volcano (visited)
 WizLab (visited)         Desolation (visited)      Gauntlet (visited)

Altars:
Ashenzari
Cheibriados
Dithmenos
Elyvilon
Fedhas
Gozag
Hepliaklqana
Kikubaaqudgha
Makhleb
Nemelex Xobeh
Okawaru
Qazlal
Ru
Sif Muna
Trog
Uskayaw
Vehumet
Wu Jian
Xom
Yredelemnul
Zin
The Shining One
Jiyva

Shops:
D:4 (   D:10 *   Orc:2 ?[*:   Elf:2 ***   Elf:3 ?   Snake:3 ([:==   Vaults:2 [
Vaults:3 [   Vaults:4 !*((?   Depths:3 *

Portals:
Hell: Depths:1 Depths:2 Depths:3 Depths:4
Abyss: Depths:3
Pandemonium: Depths:1 Depths:2

Annotations:
Depths:1 1 runed translucent door


Innate Abilities, Weirdness & Mutations

You have a pair of horns on your head.
You reflexively headbutt those who attack you in melee.
You have sharp toenails.
Your mind is acute. (Int +4, Str/Dex -1)
Your flesh is cold resistant. (rC+)
You have an increased reservoir of magic. (+10% MP)
You are strong-willed. (Will+)
You are robust. (+10% HP)
You have hidden genetic potential.
You occasionally lose the ability to drink potions when taking damage.


Message History

You slice the iron giant!!
The iron giant is almost dead.
You hit the iron golem.
You slice the crystal guardian like a ripe choko!!!
You hit the iron golem. You slash the earth elemental!
You slice the iron golem!! You hit the entropy weaver.
You block the entropy weaver's attack. x4
The iron golem hits you but does no damage. x2
You carve the iron golem like a ham!!!
You headbutt the iron golem, but do no damage.
The iron golem is moderately damaged.
You hit the iron giant but do no damage.
Lightning courses through the iron giant!
You slice the iron golem!! You slash the crystal guardian!
You destroy the crystal guardian!
You slash the iron golem!
You hit the earth elemental but do no damage.
You slash the entropy weaver!
Lightning courses through the entropy weaver!
The iron giant throws the entropy weaver at you!
You block the iron giant's attack. You block the iron golem's attack. x2
The iron golem hits you.
* * * LOW HITPOINT WARNING * * *
You block the iron golem's attack.
The earth elemental hits you but does no damage.
The entropy weaver barely misses you. You furiously retaliate!
You headbutt the entropy weaver. The entropy weaver barely misses you.
The entropy weaver hits you.
* * * LOW HITPOINT WARNING * * *
The entropy weaver hits you!
* * * LOW HITPOINT WARNING * * *
You slice the iron golem!!
The iron golem is almost destroyed.
You slice the entropy weaver!!
You kill the entropy weaver!
You completely miss the iron golem. You slash the earth elemental!
You slash the iron golem! You slice the torpor snail!!
You completely miss the iron giant. You hit the gargoyle but do no damage.
You block the iron golem's attack. The iron golem hits you!!
You die...

▓▓ ▓▓▓▓▓▓.▓▓▓▓
▓▓▓..........
▓▓▓............
▓▓......).......
▓▓..8.8.C)E......
▓▓....8.†9@99.....
▓....8.8.99w......
▓▓...........C.....
▓..................
▓..................
▓..................
▓▓..................
▓..∩................
▓▓..............


You could see 4 iron golems, 2 iron giants, a torpor snail, an earth elemental
and a gargoyle.

Vanquished Creatures
  the Royal Jelly (Slime:5)
  Frederick (Crypt:3)
  2 ancient liches
  3 pandemonium lords
  Xtahua (Crypt:3)
  2 Killer Klowns (Zig:4)
  Boris (Crypt:2)
  Vashnia (Snake:2)
  A Head Instructor (WizLab)
  Saint Roka (Snake:3)
  7 golden dragons
  8 caustic shrikes
  Nikola (Swamp:4)
  2 Brimstone Fiends
  Jorgrun (Swamp:2)
  2 bone dragons
  3 Tzitzimimeh (Zig:12)
  2 iron giants (Zig:17)
  Zenata (Vaults:1)
  4 Hell Sentinels
  10 tentacled monstrosities
  2 Ice Fiends
  Mlioglotl (Snake:3)
  3 hellephants
  6 liches
  A walking divine tome (Depths:3)
  6 sphinxes
  17 titans
  13 deep elf blademasters
  16 acid blobs
  5 searing wretches (Zig:13)
  7 deep elf master archers
  2 quicksilver dragons
  2 ancient champions
  2 storm dragons
  3 tentacled starspawn (Abyss:2)
  4 shadow dragons (Vaults:5)
  A thorn hunter (Swamp:4)
  Aizul (Snake:3)
  3 draconian knights (Zig:10)
  13 tengu reavers
  6 azure jellies
  3 revenants (Crypt:2)
  20 fire giants
  9 deep elf sorcerers
  8 nagarajas
  28 frost giants
  2 draconian shifters
  5 draconian monks
  11 rockslimes
  5 iron dragons
  An imperial myrmidon (Desolation)
  A juggernaut zombie (Crypt:3)
  5 draconian stormcallers
  2 draconian scorchers
  2 deep elf elementalists
  3 ghouls (Crypt:1)
  Louise (Snake:3)
  4 reapers
  4 balrugs (Zig:13)
  15 vault wardens
  17 ironbound preservers
  4 curse skulls
  2 cacodemons
  A spriggan defender (Depths:3)
  3 orc warlords
  A caustic shrike zombie (Crypt:3)
  11 quicksilver oozes
  A demonspawn blood saint (Zig:12)
  4 draconian annihilators
  7 formless jellyfish
  10 very ugly things
  A caustic shrike skeleton (Crypt:3)
  7 ironbound thunderhulks
  35 stone giants
  19 deep elf annihilators
  A black draconian (Zig:9)
  A demonspawn black sun (Zig:6)
  4 eleionomae
  8 vampire knights
  10 deep elf death magi
  3 yellow draconians
  13 deep elf demonologists
  3 green draconians
  3 spark wasps
  A halazid warlock (Desolation)
  6 purple draconians
  6 bunyips
  4 white draconians
  A lorocyproca (Zig:6)
  8 war gargoyles
  11 dire elephants
  A minotaur (Gauntlet)
  4 red draconians
  A green death (Depths:1)
  12 eidola
  A mummy priest (Crypt:3)
  Snorg (Lair:4)
  A blizzard demon (Zig:12)
  7 crystal guardians
  Josephine (D:13)
  A spriggan zombie (Crypt:3)
  9 yaktaur captains
  9 deep elf high priests
  12 ettins
  7 ragged hierophants (Desolation)
  6 jiangshi
  6 fire dragons
  6 entropy weavers (Zig:17)
  An entropy weaver (shapeshifter) (Elf:1)
  20 hydras
  8 salamander tyrants
  8 great orbs of eyes
  A hell beast (Gauntlet)
  Erolcha (D:9)
  5 ogre magi
  9 spriggan air magi
  11 servants of whispers
  9 peacekeepers
  Erica (Lair:2)
  2 catoblepae (D:15)
  29 vault guards
  7 ice dragons
  3 rakshasas
  5 boulder beetles
  A spriggan skeleton (Crypt:3)
  7 anacondas
  9 alligators
  2 fenstrider witch skeletons (Crypt:3)
  An anaconda (shapeshifter) (Vaults:5)
  2 death knights
  11 naga warriors
  A stoker (Zig:13)
  A two-headed ogre (shapeshifter) (Vaults:5)
  11 centaur warriors
  5 ironbound frosthearts
  5 tengu warriors
  2 deep troll shamans
  9 deep troll earth magi
  10 two-headed ogres
  3 vampire magi (Crypt:2)
  9 death yaks
  3 hell hogs
  31 dancing weapons
  A thrashing horror (Abyss:2)
  5 orc high priests
  2 titan zombies (Crypt:3)
  6 spriggan berserkers
  6 shock serpents
  A sun demon (Depths:1)
  14 naga sharpshooters
  25 hell knights
  Sonja (D:13)
  30 deep elf knights
  9 soul eaters
  3 wretched stars (Abyss:2)
  2 titan skeletons (Crypt:3)
  A fire crab (shapeshifter) (Vaults:5)
  6 salamander mystics
  4 iron trolls
  4 goliath frogs
  17 skeletal warriors
  A bunyip zombie (Crypt:3)
  A spriggan rider (Depths:3)
  45 deep trolls
  A skyshark (Zig:7)
  2 anaconda zombies (Crypt:3)
  3 glowing orange brains
  A flayed ghost (Crypt:2)
  12 mana vipers
  2 orange crystal statues (Zig:4)
  A mana viper (shapeshifter) (Depths:3)
  An orb spider (shapeshifter) (Vaults:5)
  2 shadow demons
  6 arcanists
  3 bog bodies
  A bunyip skeleton (Crypt:1)
  An obsidian statue (Zig:4)
  2 glowing orange brains (shapeshifter)
  A spriggan simulacrum (Abyss:2)
  7 naga ritualists
  2 steelbarb worms (shapeshifter) (Vaults:5)
  9 swamp dragons
  18 ironbound convokers
  6 spriggan druids
  9 lindwurms
  31 deep elf archers
  8 harpies
  53 deep elf pyromancers
  21 phantasmal warriors
  17 necromancers
  A broodmother zombie (Crypt:2)
  3 wolf spiders (Crypt:3)
  6 orc knights
  52 deep elf zephyrmancers
  40 ugly things
  11 shining eyes
  A shining eye (shapeshifter) (Zig:4)
  A stone giant zombie (Crypt:3)
  3 manticores
  11 orc sorcerers
  5 cyclopes
  2 will-o-the-wisps
  4 large abominations
  2 human zombies (Vaults:2)
  A dire elephant zombie (Crypt:3)
  22 salamanders
  32 black mambas
  19 vault sentinels
  9 kobold blastminers
  Joseph (D:7)
  7 elephants
  A naga zombie (Crypt:3)
  3 ice statues
  6 guardian serpents
  An eye of devastation (Slime:5)
  A smoke demon (Abyss:2)
  A gargoyle (D:14)
  2 rust devils (Zig:12)
  A stone giant skeleton (Vaults:2)
  5 centaur zombies
  23 naga magi
  3 molten gargoyles
  34 yaktaurs
  16 cane toads
  9 rime drakes
  2 unseen horrors
  6 komodo dragons
  4 hellions
  Maggie (D:9)
  A steelbarb worm zombie (Crypt:1)
  4 torpor snails
  A kobold demonologist (D:13)
  2 efreet
  13 freezing wraiths
  An alligator snapping turtle skeleton (Crypt:2)
  A dire elephant skeleton (Crypt:3)
  A tormentor (Zig:13)
  6 tengu conjurers
  Psyche (D:9)
  A queen bee (shapeshifter) (Elf:2)
  9 trolls
  13 hellwings (Crypt:3)
  A red devil (Zig:12)
  12 polar bears
  A bloated husk (Swamp:1)
  A harpy skeleton (Crypt:3)
  A harpy zombie (Crypt:3)
  A polar bear (shapeshifter) (Zig:15)
  8 hornets
  A hornet (shapeshifter) (Vaults:5)
  A merfolk (shapeshifter) (Vaults:5)
  4 tyrant leeches
  11 raiju
  57 saltlings
  8 dream sheep (Lair:5)
  Grinder (D:5)
  6 glass eyes
  A hydra skeleton (Crypt:3)
  Prince Ribbit (D:9)
  14 blink frogs
  2 jumping spiders (Crypt:3)
  Sigmund (D:4)
  6 air elementals
  2 centaur simulacra
  7 spriggans
  10 shadows
  9 water elementals
  15 wraiths
  4 wyverns
  77 slime creatures
  45 yaks
  A ynoxinul (Abyss:2)
  2 vampires
  A black mamba skeleton (Crypt:2)
  An ushabti (Crypt:3)
  11 golden eyes
  8 basilisks
  4 fire bats (Volcano)
  2 fire elementals
  A neqoxec (Abyss:2)
  3 death yak simulacra (Lair:5)
  4 steam dragons
  12 wargs
  15 vampire mosquitoes
  A chaos spawn (Zig:4)
  2 redbacks (Crypt:3)
  An acid dragon (D:14)
  An ogre zombie (Vaults:2)
  5 small abominations (Abyss:2)
  53 nagas
  A swamp worm (shapeshifter) (Vaults:3)
  16 swamp worms
  13 hell hounds
  3 naga skeletons (Crypt:3)
  19 water moccasins
  2 hydra simulacra (Lair:5)
  9 swamp drakes
  11 black bears (Lair:5)
  7 laughing skulls
  41 orc warriors
  5 ice beasts
  10 ogres
  4 sky beasts
  15 wolves
  5 centaurs
  A swamp dragon zombie (Crypt:3)
  3 kobold brigands
  3 weeping skulls
  21 bullfrogs
  11 earth elementals
  A scorpion (D:4)
  8 wights
  A burial acolyte (D:7)
  10 wyvern skeletons (Crypt:3)
  A warg skeleton (Crypt:1)
  20 killer bees
  3 elephant simulacra (Lair:5)
  4 lindwurm simulacra (IceCv)
  5 howler monkeys
  An electric eel (Lair:4)
  A troll skeleton (Crypt:1)
  6 lava snakes
  6 komodo dragon simulacra (IceCv)
  A quasit (Abyss:2)
  35 orc priests
  5 hounds
  A bombardier beetle (D:5)
  7 jellies
  A centaur skeleton (Crypt:2)
  3 gnoll boudas
  Crazy Yiuf (D:7)
  A hell rat (Lair:5)
  46 orc wizards
  A sleepcap (D:6)
  4 iguanas
  2 mummies (Crypt:3)
  7 acid dragon simulacra (IceCv)
  18 gnolls
  7 adders
  A steam dragon skeleton (Crypt:1)
  A shadow imp (D:8)
  5 white imps
  3 hell rat simulacra (Lair:5)
  4 steam dragon simulacra (IceCv)
  3 ufetubi (Abyss:2)
  A lava snake zombie (Crypt:1)
  3 ribbon worms
  5 dart slugs
  86 orcs
  8 bats
  6 endoplasms
  2 giant cockroaches
  5 goblins
  12 hobgoblins
  2 jackals (D:3)
  5 quokkas
  4 ball pythons
  A ball python zombie (Crypt:2)
  3 frilled lizards
  2 gnoll skeletons
  A goblin skeleton (Crypt:1)
  2 jackal zombies (D:7)
  15 kobolds
  A quokka zombie (Crypt:2)
  3 rats
  A spectral orc (D:7)
  A lurking horror (Abyss:2)
  A spectral weapon (Elf:2)
  8 starspawn tentacles (Abyss:2)
2680 creatures vanquished.

Vanquished Creatures (others)
  A peacekeeper (Desolation)
  A naga sharpshooter (Zig:11)
  A spriggan (Swamp:4)
  A deep elf zephyrmancer (Elf:1)
  A deep elf pyromancer (Zig:16)
  A yaktaur (Vaults:2)
  A hornet (Swamp:4)
  2 swamp worms
  2 foxfires (Swamp:4)
  11 starspawn tentacles (Abyss:2)
22 creatures vanquished.

Grand Total: 2702 creatures vanquished

Notes
Turn   | Place    | Note
-------+----------+-------------------------------------------
     0 | D:1      | jimmypageman the Minotaur Fighter began the quest for the
                  | Orb.
     0 | D:1      | Reached XP level 1. HP: 19/19 MP: 0/0
    86 | D:1      | Reached XP level 2. HP: 26/27 MP: 1/1
   325 | D:1      | Reached XP level 3. HP: 30/33 MP: 2/2
   673 | D:2      | Identified the +1 ring mail of Shadows and Fog {Harm rF-
                  | rC++ Regen+}
   747 | D:2      | Identified the +2 hat "Vyrof" {rPois Regen+ Slay+2}
   806 | D:2      | Reached XP level 4. HP: 34/40 MP: 3/3
  1121 | D:3      | Found a faded altar of an unknown god.
  1491 | D:3      | Reached XP level 5. HP: 41/46 MP: 4/4
  2355 | D:4      | Reached skill level 5 in Shields
  2386 | D:4      | Noticed Sigmund
  2420 | D:5      | Entered Level 5 of the Dungeon
  2423 | D:5      | Found a staircase to the Ecumenical Temple.
  2434 | Temple   | Entered the Ecumenical Temple
  2441 | Temple   | Reached skill level 5 in Axes
  2796 | Temple   | Became a worshipper of Warmaster Okawaru
  2948 | D:5      | Noticed Grinder
  2960 | D:5      | Killed Grinder
  2960 | D:5      | Reached * piety under Okawaru
  2961 | D:5      | Reached skill level 1 in Throwing
  2961 | D:5      | Reached skill level 1 in Dodging
  2961 | D:5      | Reached skill level 1 in Invocations
  2961 | D:5      | Reached XP level 6. HP: 48/52 MP: 5/5
  2994 | D:5      | Found a burning altar of Makhleb.
  3051 | D:4      | Reached XP level 7. HP: 59/59 MP: 7/7
  3193 | D:4      | Found a sparkling altar of Nemelex Xobeh.
  3251 | D:4      | Found Ydwufeorch's Antique Weapon Emporium.
  3376 | D:4      | Killed Sigmund
  3542 | D:5      | Reached skill level 5 in Armour
  3853 | D:5      | Identified the +2 robe "Heimeb" {rElec rF++ Str+2 Dex-2}
  3879 | D:5      | Reached ** piety under Okawaru
  4158 | D:6      | Reached XP level 8. HP: 67/67 MP: 8/8
  4319 | D:6      | Found a hazy altar of Hepliaklqana.
  4453 | D:6      | Reached *** piety under Okawaru
  4505 | D:6      | Reached skill level 10 in Axes
  4991 | D:7      | Reached XP level 9. HP: 40/73 MP: 10/10
  4997 | D:7      | Reached skill level 5 in Fighting
  5190 | D:7      | Found a snail-covered altar of Cheibriados.
  5190 | D:7      | Found a shimmering blue altar of Sif Muna.
  5247 | D:7      | Found a runed translucent door.
  5248 | D:7      | Noticed Crazy Yiuf
  5282 | D:7      | Noticed Joseph
  5284 | D:7      | Found a hide-covered altar of Uskayaw.
  5287 | D:7      | Killed Joseph
  5287 | D:7      | Reached **** piety under Okawaru
  5355 | D:7      | Identified the +1 giant club "Hijesh" {distort, Fly Str+2}
  5482 | D:7      | Found an ancient bone altar of Kikubaaqudgha.
  5770 | D:7      | Noticed a komodo dragon
  5779 | D:7      | Killed a komodo dragon
  5780 | D:7      | Reached XP level 10. HP: 41/83 MP: 9/12
  5799 | D:7      | Noticed a red ugly thing
  5801 | D:7      | Reached ***** piety under Okawaru
  5802 | D:7      | Killed a red ugly thing
  5806 | D:7      | Noticed a manticore
  5812 | D:7      | Killed a manticore
  5925 | D:7      | Identified the staff "Nenuguut" {+Blink rN+ Str+9 Dex-4
                  | Necro Earth}
  5933 | D:7      | Noticed a cyclops
  5937 | D:7      | Killed a cyclops
  6024 | D:7      | Found a basalt altar of Yredelemnul.
  6149 | D:7      | Killed Crazy Yiuf
  6198 | D:8      | Received a gift from Okawaru
  6199 | D:8      | Reached skill level 5 in Invocations
  6711 | D:8      | Found a staircase to the Lair.
  6719 | D:8      | Reached skill level 5 in Throwing
  6754 | D:8      | Identified a scroll of acquirement
  6756 | D:8      | Acquired the amulet "Nuevimpu" {RegenMP Dex+6}
  6903 | D:9      | Noticed Erolcha
  6909 | D:9      | Killed Erolcha
  6928 | D:9      | Noticed Prince Ribbit
  6933 | D:9      | Killed Prince Ribbit
  6934 | D:9      | Reached XP level 11. HP: 86/91 MP: 14/14
  6943 | D:9      | Received a gift from Okawaru
  7028 | D:9      | Found an ornate altar of the Wu Jian Council.
  7043 | D:9      | Reached skill level 15 in Axes
  7087 | D:9      | You are sucked into a shaft and drop 2 floors!
  7103 | D:11     | Noticed a two-headed ogre
  7105 | D:11     | Killed a two-headed ogre
  7163 | D:10     | Entered Level 10 of the Dungeon
  7295 | D:9      | Noticed a two-headed ogre
  7299 | D:9      | Killed a two-headed ogre
  7319 | D:9      | Noticed Maggie
  7324 | D:9      | Killed Maggie
  7324 | D:9      | Received a gift from Okawaru
  7460 | D:9      | Noticed a two-headed ogre
  7464 | D:9      | Killed a two-headed ogre
  7719 | D:9      | Found a staircase to the Orcish Mines.
  7779 | D:9      | Noticed Psyche
  7781 | D:9      | Killed Psyche
  7844 | D:10     | Found Gaurerch's Neck Hole.
  7919 | D:10     | Noticed a two-headed ogre
  7923 | D:10     | Killed a two-headed ogre
  8210 | D:10     | Reached ****** piety under Okawaru
  8211 | D:10     | Acquired the +11 broad axe of Ad Valorem {elec, Str+3
                  | Dex+6}
  8211 | D:10     | Received a gift from Okawaru
  8213 | D:10     | Acquired the +12 crystal plate armour of the Dropbear {+Inv
                  | rElec rPois Int-4}
  8213 | D:10     | Received a gift from Okawaru
  8532 | D:11     | Received a gift from Okawaru
  8661 | D:11     | Acquired the ring "Hiacs" {^Contam Fly rF+ Dex+6}
  8765 | D:11     | Reached XP level 12. HP: 80/101 MP: 15/15
  8916 | D:11     | Received a gift from Okawaru
  8989 | D:11     | Found an ornate altar of the Wu Jian Council.
  9186 | D:12     | Found a frozen archway.
  9228 | IceCv    | Entered an ice cave
  9352 | IceCv    | Noticed a white draconian
  9362 | IceCv    | Killed a white draconian
  9362 | IceCv    | Received a gift from Okawaru
  9387 | IceCv    | Identified the ring "Eluregg" {Str+5 SInv}
  9717 | D:12     | Noticed a boulder beetle
  9725 | D:12     | Killed a boulder beetle
  9727 | D:12     | Found a snail-covered altar of Cheibriados.
 10066 | D:12     | Reached XP level 13. HP: 108/108 MP: 17/17
 10198 | D:12     | Received a gift from Okawaru
 10451 | Lair:1   | Entered Level 1 of the Lair of Beasts
 10587 | Lair:1   | Reached skill level 10 in Shields
 11044 | Lair:1   | Received a gift from Okawaru
 11400 | Lair:2   | Noticed Erica
 11403 | Lair:2   | Killed Erica
 12110 | Lair:3   | Found a gate leading to a gauntlet.
 12119 | Lair:3   | Received a gift from Okawaru
 12125 | Gauntlet | Entered a Gauntlet
 12125 | Gauntlet | Found a transporter.
 12135 | Gauntlet | Found a transporter.
 12146 | Gauntlet | Found a transporter.
 12149 | Gauntlet | Found a transporter.
 12157 | Gauntlet | Found a transporter.
 12175 | Gauntlet | Noticed a green death
 12178 | Gauntlet | Found a transporter.
 12189 | Gauntlet | Found a transporter.
 12201 | Gauntlet | Found a transporter.
 12221 | Gauntlet | Found a transporter.
 12236 | Gauntlet | Found a transporter.
 12284 | Gauntlet | Found a transporter.
 12298 | Gauntlet | Found a transporter.
 12300 | Gauntlet | Found a transporter.
 12311 | Gauntlet | Found a transporter.
 12542 | Gauntlet | Identified the ring of Zudew {rPois rF+ MP+9 Int+5}
 12559 | Gauntlet | Gained mutation: You sometimes lose your temper in combat.
                  | [mutagenic glow]
 12564 | Gauntlet | Noticed a minotaur
 12568 | Gauntlet | Killed a minotaur
 12573 | Gauntlet | Got Foitifoz's Writings on the Smouldering Fairies
 12833 | Lair:3   | Received a gift from Okawaru
 12969 | Lair:3   | You are sucked into a shaft and drop 2 floors!
 12969 | Lair:5   | Entered Level 5 of the Lair of Beasts
 13052 | Lair:4   | Reached XP level 14. HP: 109/119 MP: 18/19
 13107 | Lair:4   | Found a dark tunnel.
 13120 | Volcano  | Entered a volcano
 13264 | Volcano  | Found a radiant altar of Vehumet.
 13266 | Volcano  | Reached skill level 10 in Fighting
 13468 | Lair:4   | Found a staircase to the Slime Pits.
 13475 | Lair:4   | Received a gift from Okawaru
 13485 | Lair:4   | Noticed Snorg
 13490 | Lair:4   | Killed Snorg
 13576 | Lair:4   | Found a viscous altar of Jiyva.
 14581 | Lair:3   | Received a gift from Okawaru
 14651 | Lair:3   | Found a staircase to the Swamp.
 14752 | Lair:3   | Found a staircase to the Snake Pit.
 15232 | Lair:5   | Found a broken altar of Ashenzari.
 15272 | Lair:5   | Reached skill level 10 in Armour
 15274 | Lair:5   | Received a gift from Okawaru
 15529 | Lair:5   | Reached XP level 15. HP: 132/132 MP: 0/21
 15941 | Lair:5   | Received a gift from Okawaru
 16102 | Lair:5   | Reached skill level 10 in Invocations
 16909 | Orc:1    | Entered Level 1 of the Orcish Mines
 16914 | Orc:1    | Paralysed by an orc sorcerer for 4 turns
 17254 | Orc:2    | Entered Level 2 of the Orcish Mines
 17290 | Orc:2    | Found a staircase to the Elven Halls.
 17321 | Orc:2    | Found Yrihamy's Book Shoppe.
 17325 | Orc:2    | Found Qauqigai's General Store.
 17331 | Orc:2    | Found Fonocrue's Magic Scroll Emporium.
 17964 | Orc:2    | Received a gift from Okawaru
 18235 | Orc:2    | Found Nupon's Antique Armour Emporium.
 18238 | Orc:2    | Bought a scroll of acquirement for 728 gold pieces
 18238 | Orc:2    | Bought a scroll of identify for 28 gold pieces
 18238 | Orc:2    | Bought a scroll of identify for 28 gold pieces
 18247 | Orc:2    | Acquired 484 gold pieces
 18250 | Orc:2    | Bought a pair of slimy gloves for 361 gold pieces
 18250 | Orc:2    | Identified the +0 pair of gloves "Quebag" {Dex+3 SInv} (You
                  | bought it in a shop on level 2 of the Orcish Mines)
 18252 | Orc:2    | Bought a potion of magic for 96 gold pieces
 18888 | D:13     | Noticed Sonja
 18910 | D:13     | Killed Sonja
 19154 | D:13     | Noticed Josephine
 19160 | D:13     | Killed Josephine
 19454 | D:14     | Received a gift from Okawaru
 19506 | D:14     | Found a broken altar of Ashenzari.
 19570 | D:14     | Found a gate to the Vaults.
 20005 | D:15     | Entered Level 15 of the Dungeon
 20193 | D:15     | Received a gift from Okawaru
 20197 | D:15     | Reached XP level 16. HP: 135/147 MP: 21/23
 20229 | D:15     | Reached skill level 15 in Fighting
 20366 | D:15     | Found a staircase to the Depths.
 21164 | Snake:1  | Entered Level 1 of the Snake Pit
 21290 | Snake:1  | Got Sif Muna's Lectures on the Captivating Plateau
 21688 | Snake:1  | Received a gift from Okawaru
 22599 | Snake:2  | Identified the +5 dagger of Woas {heavy, Will+ Int+3 Dex+2}
 22610 | Snake:2  | Noticed Vashnia
 22617 | Snake:2  | Killed Vashnia
 23522 | Snake:3  | Found Nuluddiu's Weapon Boutique.
 23559 | Snake:3  | Identified the serpent talisman of the Four Leaping Seas
                  | {rC- rCorr MP-9 Int+8 SInv}
 23559 | Snake:3  | Noticed Aizul
 23571 | Snake:3  | Killed Aizul
 23574 | Snake:3  | Noticed Saint Roka
 23769 | Snake:3  | Killed Saint Roka
 23773 | Snake:3  | Received a gift from Okawaru
 24128 | Snake:3  | Found Edgheirgh's Armour Shoppe.
 24137 | Snake:3  | Noticed Mlioglotl
 24143 | Snake:3  | Killed Mlioglotl
 24215 | Snake:3  | Noticed Louise
 24234 | Snake:3  | Killed Louise
 24234 | Snake:3  | Received a gift from Okawaru
 24235 | Snake:3  | Reached skill level 15 in Shields
 24560 | Snake:3  | Found Hauzi's Jewellery Shoppe.
 24561 | Snake:3  | Found Voekh's Book Boutique.
 24562 | Snake:3  | Found Xenwocic's Jewellery Shoppe.
 25332 | Snake:4  | Entered Level 4 of the Snake Pit
 25336 | Snake:4  | Reached XP level 17. HP: 155/160 MP: 24/25
 26060 | Snake:4  | Received a gift from Okawaru
 26783 | Snake:4  | Got a serpentine rune of Zot
 26855 | Snake:4  | Received a gift from Okawaru
 27343 | Snake:4  | Acquired the ring "Muikkoplyu" {rElec rN+ Int+2}
 27498 | Swamp:1  | Entered Level 1 of the Swamp
 28081 | Swamp:2  | Received a gift from Okawaru
 28254 | Swamp:2  | You are sucked into a shaft and drop 1 floor!
 29084 | Swamp:2  | Noticed Jorgrun
 29096 | Swamp:2  | Killed Jorgrun
 29230 | Swamp:2  | Received a gift from Okawaru
 29231 | Swamp:2  | Reached XP level 18. HP: 168/170 MP: 26/26
 29235 | Swamp:2  | Reached skill level 15 in Armour
 29355 | Swamp:4  | Entered Level 4 of the Swamp
 29618 | Swamp:4  | Got a decaying rune of Zot
 29637 | Swamp:4  | Received a gift from Okawaru
 29657 | Swamp:4  | Noticed Nikola
 29659 | Swamp:4  | Noticed a tentacled monstrosity
 29667 | Swamp:4  | Killed a tentacled monstrosity
 29670 | Swamp:4  | Killed Nikola
 30106 | Swamp:4  | Identified the +3 rapier "Tudibbue" {pain, rF+ rC+ Will-}
 30325 | Swamp:4  | Received a gift from Okawaru
 30735 | Vaults:1 | Entered Level 1 of the Vaults
 31226 | Vaults:1 | Noticed Zenata
 31230 | Vaults:1 | Killed Zenata
 31582 | Vaults:1 | Received a gift from Okawaru
 32249 | Vaults:2 | Reached XP level 19. HP: 156/180 MP: 20/28
 32268 | Vaults:2 | Found a crumbling gateway.
 32285 | Vaults:2 | Received a gift from Okawaru
 32303 | Vaults:2 | Noticed a bone dragon
 32315 | Desolati | Entered the Desolation of Salt
 32981 | Desolati | Got the Tome of the Nimbus and Earth
 33169 | Desolati | Identified the amulet "Baurerch" {Reflect +Inv SH+5}
 33185 | Desolati | Identified the +1 ring mail "Wanoares" {Int+4}
 33283 | Desolati | Received a gift from Okawaru
 33318 | Desolati | Found the +4 consecrated labrys {holy, Valiant ^Fragile Fly
                  | SInv}
 33573 | Desolati | Identified the +4 longbow of Burning Imminent Death
                  | {antimagic, rF+}
 33685 | Desolati | Identified the +10 mace of Ubiunlot {freeze, rElec rPois
                  | Str-5}
 33686 | Desolati | Identified the ring of Boull {rPois MP+9 Dex+3}
 33691 | Desolati | Got the Textbook on the Crucible and Maleficia
 33944 | Vaults:2 | Killed a bone dragon
 33944 | Vaults:2 | Received a gift from Okawaru
 33945 | Vaults:2 | Reached skill level 1 in Evocations
 34354 | Vaults:2 | Found Qufem's Armour Boutique.
 34573 | Vaults:2 | Found a staircase to the Crypt.
 34983 | Vaults:3 | Received a gift from Okawaru
 35309 | Vaults:3 | Reached XP level 20. HP: 154/191 MP: 25/29
 35639 | Vaults:3 | Received a gift from Okawaru
 36286 | Vaults:3 | Found Imogof's Armour Shop.
 36774 | Vaults:4 | Received a gift from Okawaru
 36991 | Vaults:4 | Found Vuvuefuy's Antique Weapon Shop.
 37013 | Vaults:4 | Found Kubriur's Assorted Antiques.
 37077 | Vaults:4 | Identified the +10 broad axe of War {flame, rN++}
 37391 | Vaults:4 | Found Juadoddu's Magic Scroll Boutique.
 37397 | Vaults:4 | Bought a scroll of revelation for 105 gold pieces
 37397 | Vaults:4 | Bought a scroll of revelation for 105 gold pieces
 37397 | Vaults:4 | Bought a scroll of teleportation for 42 gold pieces
 37397 | Vaults:4 | Bought a scroll of enchant armour for 105 gold pieces
 37397 | Vaults:4 | Bought a scroll of enchant armour for 105 gold pieces
 37397 | Vaults:4 | Bought a scroll of teleportation for 42 gold pieces
 37397 | Vaults:4 | Bought a scroll of identify for 28 gold pieces
 37397 | Vaults:4 | Bought a scroll of teleportation for 42 gold pieces
 37408 | Vaults:4 | Found Womebb's Weapon Shoppe.
 37506 | Vaults:4 | Paralysed by a formless jellyfish for 1 turns
 37538 | Vaults:4 | Reached skill level 27 in Axes
 37612 | Vaults:4 | Found Emol's Distillery.
 37620 | Vaults:4 | Bought a potion of curing for 42 gold pieces
 37620 | Vaults:4 | Bought a potion of heal wounds for 70 gold pieces
 37620 | Vaults:4 | Bought 2 potions of magic for 224 gold pieces
 38118 | Elf:1    | Entered Level 1 of the Elven Halls
 38121 | Elf:1    | Paralysed by an air elemental for 1 turns
 38250 | Elf:1    | Received a gift from Okawaru
 39265 | Elf:2    | Received a gift from Okawaru
 39793 | Elf:2    | Reached XP level 21. HP: 180/202 MP: 31/31
 39861 | Elf:2    | Reached skill level 15 in Invocations
 40178 | Elf:2    | Found Qiafuu's General Store.
 40182 | Elf:2    | Found Uryixolen's Assorted Antiques.
 40183 | Elf:2    | Found Uvusur's Assorted Antiques.
 40186 | Elf:2    | Bought a potion of heal wounds for 100 gold pieces
 40188 | Elf:2    | Bought a potion of curing for 96 gold pieces
 40188 | Elf:2    | Bought a potion of curing for 96 gold pieces
 40190 | Elf:2    | Bought a potion of curing for 117 gold pieces
 40295 | Elf:2    | Found a runed translucent gate.
 40296 | Elf:2    | Found a runed translucent gate.
 40296 | Elf:2    | Found a runed translucent gate.
 40347 | Elf:2    | Received a gift from Okawaru
 40701 | Elf:3    | Entered Level 3 of the Elven Halls
 40839 | Elf:3    | Found Vuoreasebb's Magic Scroll Emporium.
 40847 | Elf:3    | Bought a scroll of teleportation for 57 gold pieces
 41357 | Elf:3    | Identified the +1 rapier of Wondrous Power {flame, MP-9
                  | Dex+9 Stlth+}
 41408 | Abyss:2  | Cast into level 2 of the Abyss (a deep elf sorcerer)
 41581 | Abyss:2  | Received a gift from Okawaru
 41859 | Elf:3    | Escaped the Abyss
 42747 | Elf:3    | Identified the ring of Xuurghai {Will++ Str+3 Int+6 Stlth+}
 42804 | Elf:3    | Paralysed by an air elemental for 1 turns
 42821 | Elf:3    | Identified the +10 plate armour of Xeheots {^Drain rPois
                  | rF- rCorr}
 42824 | Elf:3    | Received a gift from Okawaru
 43294 | Elf:3    | Identified the +8 demon blade "Luckih" {freeze, Will+}
 44093 | Elf:3    | Identified the +9 battleaxe of Dismay {venom, rPois}
 44123 | Elf:3    | Got the Annotations on Hypothermia and the Xenolith
 44801 | Depths:1 | Entered Level 1 of the Depths
 44979 | Depths:1 | Found a runed translucent door.
 44983 | Depths:1 | Noticed a juggernaut
 45138 | Depths:1 | Found a gateway to Hell.
 45164 | Depths:1 | Found a one-way gate leading to the halls of Pandemonium.
 45178 | Depths:1 | Reached XP level 22. HP: 204/217 MP: 32/32
 45549 | Depths:1 | Noticed a golden dragon
 45557 | Depths:1 | Killed a golden dragon
 45571 | Depths:1 | Noticed a caustic shrike
 45578 | Depths:1 | Killed a caustic shrike
 45578 | Depths:1 | Received a gift from Okawaru
 45593 | Depths:1 | Noticed a golden dragon
 45602 | Depths:1 | Killed a golden dragon
 45694 | Depths:1 | Found the ring of the Octopus King
 45698 | Depths:1 | Identified a ring of the Octopus King {rCorr HP+2 AC+2 EV+2
                  | SH+2}
 46002 | Depths:1 | Identified the +0 pair of gloves "Siteirch" {Rampage Int+5
                  | Dex+3}
 46773 | Depths:2 | Paralysed by a sphinx for 3 turns
 47297 | Depths:3 | Noticed a golden dragon
 47306 | Depths:3 | Received a gift from Okawaru
 47311 | Depths:3 | Killed a golden dragon
 47400 | Depths:3 | Found a one-way gate to the infinite horrors of the Abyss.
 47488 | Depths:3 | Found a magical portal.
 47496 | WizLab   | Entered Yara's Duelist Academy
 47605 | WizLab   | Received a gift from Okawaru
 47618 | WizLab   | Noticed Faomiuh
 47626 | WizLab   | Killed Faomiuh the Head Instructor
 48183 | Depths:3 | Found Enedelas's Eclectic Emporium.
 48191 | Depths:3 | Bought a scroll of enchant armour for 82 gold pieces
 48642 | Depths:3 | Received a gift from Okawaru
 49038 | Depths:4 | Entered Level 4 of the Depths
 49096 | Depths:4 | Reached XP level 23. HP: 229/229 MP: 26/33
 49320 | Depths:4 | Found an opulent altar of Gozag.
 49450 | Depths:4 | Found a one-way gateway to a ziggurat.
 49471 | Depths:4 | Noticed a caustic shrike
 49474 | Depths:4 | Noticed a caustic shrike
 49475 | Depths:4 | Killed a caustic shrike
 49475 | Depths:4 | Noticed a caustic shrike
 49476 | Depths:4 | Noticed a caustic shrike
 49476 | Depths:4 | Noticed a caustic shrike
 49480 | Depths:4 | Killed a caustic shrike
 49481 | Depths:4 | Killed a caustic shrike
 49486 | Depths:4 | Killed a caustic shrike
 49486 | Depths:4 | Killed a caustic shrike
 49628 | Depths:4 | Received a gift from Okawaru
 49803 | Depths:4 | Found a gate to the Realm of Zot.
 50523 | Vaults:5 | Entered Level 5 of the Vaults
 51084 | Vaults:5 | Identified the +5 scale mail of the Apothecary {^Drain
                  | rElec Will++ Regen+}
 51085 | Vaults:5 | Noticed an ancient lich
 51095 | Vaults:5 | Killed an ancient lich
 51279 | Vaults:5 | Received a gift from Okawaru
 51457 | Vaults:4 | Reached XP level 24. HP: 92/243 MP: 9/33
 52573 | Vaults:5 | Identified the +1 scale mail of Dawn {rF+ rCorr Int-4}
 53184 | Vaults:5 | Received a gift from Okawaru
 53277 | Vaults:5 | Got a silver rune of Zot
 53770 | Slime:1  | Entered Level 1 of the Pits of Slime
 53810 | Slime:1  | Gained mutation: You have an uncontrollable temper. [a
                  | shining eye]
 54032 | Slime:1  | Gained mutation: Your magical capacity is low. (-10% MP) [a
                  | shining eye]
 54214 | Slime:3  | Gained mutation: You occasionally shout uncontrollably at
                  | your foes. [a shining eye]
 54615 | Slime:5  | Entered Level 5 of the Pits of Slime
 54675 | Slime:5  | Gained mutation: You are frail. (-10% HP) [a shining eye]
 54677 | Slime:5  | Gained mutation: You do not regenerate when monsters are
                  | visible. [a shining eye]
 54680 | Slime:5  | Gained mutation: Your health recovers twice as slowly from
                  | being drained. [a shining eye]
 54753 | Slime:5  | Gained mutation: You are very frail. (-20% HP) [a shining
                  | eye]
 54760 | Slime:5  | Lost mutation: You do not regenerate when monsters are
                  | visible. [a shining eye]
 54763 | Slime:5  | Gained mutation: You occasionally lose the ability to drink
                  | potions when taking damage. [a shining eye]
 54954 | Slime:5  | Noticed the Royal Jelly
 54967 | Slime:5  | Killed the Royal Jelly
 54968 | Slime:5  | Reached skill level 27 in Fighting
 55175 | Slime:5  | Identified the ring "Utaoj" {Int+3 SInv}
 55190 | Slime:5  | Identified the +0 whip "Gipniur" {heavy, Str+6}
 55202 | Slime:5  | Got a slimy rune of Zot
 55207 | Slime:5  | Identified the +2 short sword "jimmypageman's Curse"
                  | {venom, ^Drain rF+ rC+ rN++}
 55376 | Slime:5  | Received a gift from Okawaru
 55953 | Lair:4   | Lost mutation: You have an uncontrollable temper. [potion
                  | of mutation]
 55953 | Lair:4   | Lost mutation: You sometimes lose your temper in combat.
                  | [potion of mutation]
 55953 | Lair:4   | Lost mutation: You occasionally shout uncontrollably at
                  | your foes. [potion of mutation]
 55953 | Lair:4   | Gained mutation: Your spells are a little harder to cast,
                  | but a little more powerful. [potion of mutation]
 55954 | Lair:4   | Lost mutation: Your magical capacity is low. (-10% MP)
                  | [potion of mutation]
 55954 | Lair:4   | Lost mutation: Your spells are a little harder to cast, but
                  | a little more powerful. [potion of mutation]
 55954 | Lair:4   | Lost mutation: Your health recovers twice as slowly from
                  | being drained. [potion of mutation]
 55954 | Lair:4   | Gained mutation: Your natural rate of healing is unusually
                  | fast. [potion of mutation]
 55954 | Lair:4   | Gained mutation: You are dopey. (Int -2) [potion of
                  | mutation]
 55954 | Lair:4   | Gained mutation: You are agile. (Dex +4, Str/Int -1)
                  | [potion of mutation]
 55955 | Lair:4   | Lost mutation: Your natural rate of healing is unusually
                  | fast. [potion of mutation]
 55955 | Lair:4   | Lost mutation: You are agile. (Dex +4, Str/Int -1) [potion
                  | of mutation]
 55955 | Lair:4   | Lost mutation: You are dopey. (Int -2) [potion of mutation]
 55955 | Lair:4   | Gained mutation: You are agile. (Dex +4, Str/Int -1)
                  | [potion of mutation]
 55955 | Lair:4   | Gained mutation: You are strong-willed. (Will+) [potion of
                  | mutation]
 55956 | Lair:4   | Lost mutation: You are strong-willed. (Will+) [potion of
                  | mutation]
 55956 | Lair:4   | Lost mutation: You are agile. (Dex +4, Str/Int -1) [potion
                  | of mutation]
 55956 | Lair:4   | Gained mutation: You are dopey. (Int -2) [potion of
                  | mutation]
 55956 | Lair:4   | Gained mutation: You have an increased reservoir of magic.
                  | (+10% MP) [potion of mutation]
 55956 | Lair:4   | Gained mutation: You have a pair of large horns on your
                  | head. [potion of mutation]
 55957 | Lair:4   | Lost mutation: You have a pair of large horns on your head.
                  | [potion of mutation]
 55957 | Lair:4   | Lost mutation: You are dopey. (Int -2) [potion of mutation]
 55957 | Lair:4   | Lost mutation: You are very frail. (-20% HP) [potion of
                  | mutation]
 55957 | Lair:4   | Gained mutation: You have a pair of large horns on your
                  | head. [potion of mutation]
 55957 | Lair:4   | Gained mutation: You are weak. (Str -2) [potion of
                  | mutation]
 55957 | Lair:4   | Gained mutation: You have sharp toenails. [potion of
                  | mutation]
 55957 | Lair:4   | Gained mutation: Your mind is acute. (Int +4, Str/Dex -1)
                  | [potion of mutation]
 55958 | Lair:4   | Lost mutation: You have a pair of large horns on your head.
                  | [potion of mutation]
 55958 | Lair:4   | Lost mutation: You are weak. (Str -2) [potion of mutation]
 55958 | Lair:4   | Gained mutation: You sometimes lose the ability to drink
                  | potions when taking damage. [potion of mutation]
 55958 | Lair:4   | Gained mutation: You are partially covered in iridescent
                  | scales. (AC +2) [potion of mutation]
 55958 | Lair:4   | Gained mutation: You have hidden genetic potential. [potion
                  | of mutation]
 55964 | Lair:4   | Lost mutation: You are frail. (-10% HP) [potion of
                  | mutation]
 55964 | Lair:4   | Lost mutation: You sometimes lose the ability to drink
                  | potions when taking damage. [potion of mutation]
 55964 | Lair:4   | Lost mutation: You are partially covered in iridescent
                  | scales. (AC +2) [potion of mutation]
 55964 | Lair:4   | Gained mutation: You are strong-willed. (Will+) [potion of
                  | mutation]
 55964 | Lair:4   | Gained mutation: You are robust. (+10% HP) [potion of
                  | mutation]
 56562 | Temple   | Fell from the grace of Okawaru
 56562 | Temple   | Became a worshipper of the Shining One
 56895 | Crypt:1  | Entered Level 1 of the Crypt
 57111 | Crypt:1  | Reached * piety under the Shining One
 57552 | Crypt:1  | Reached ** piety under the Shining One
 57760 | Crypt:2  | Reached *** piety under the Shining One
 57767 | Crypt:2  | Noticed Boris
 57783 | Crypt:2  | Killed Boris
 58034 | Crypt:2  | Reached **** piety under the Shining One
 58041 | Crypt:2  | Reached skill level 27 in Armour
 58255 | Crypt:2  | Reached XP level 25. HP: 277/282 MP: 27/36
 58272 | Crypt:2  | Reached ***** piety under the Shining One
 59256 | Crypt:3  | Entered Level 3 of the Crypt
 59265 | Crypt:3  | Noticed Xtahua
 59278 | Crypt:3  | Killed Xtahua
 59405 | Crypt:3  | Identified the orb of the Healing Gods {*channel, +Blink
                  | rPois Int-5 Stlth+}
 59405 | Crypt:3  | Noticed Frederick
 59415 | Crypt:3  | Killed Frederick
 59557 | Crypt:3  | Reached ****** piety under the Shining One
 59846 | Crypt:3  | Identified the +4 plate armour of Defence {rElec Will+
                  | SInv}
 59951 | Crypt:3  | Identified a +6 broad axe of holy wrath (a +4 broad axe of
                  | flaming blessed by the Shining One)
 59951 | Crypt:3  | Received a gift from the Shining One
 59956 | Crypt:3  | Found an ancient bone altar of Kikubaaqudgha.
 60096 | Crypt:3  | Noticed an ancient lich
 60113 | Crypt:3  | Killed an ancient lich
 60146 | Crypt:3  | Identified the staff "Teoridghu" {rElec rC+ Int+4 Ice}
 60499 | Crypt:3  | Identified the +0 leather armour of Zirru {rF+++ Will-
                  | Regen+ Slay+2}
 60630 | Crypt:3  | Found a staircase to the Tomb.
 61269 | Crypt:3  | Identified the staff of Recklessness {rElec rCorr Stlth+
                  | Earth Alchemy}
 61846 | Zig:1    | Entered Level 1 of a ziggurat
 61863 | Zig:2    | Entered Level 2 of a ziggurat
 61894 | Zig:3    | Entered Level 3 of a ziggurat
 61894 | Zig:3    | Noticed Wistaich the pandemonium lord
 61909 | Zig:3    | Killed Wistaich the pandemonium lord
 61967 | Zig:4    | Entered Level 4 of a ziggurat
 61967 | Zig:4    | Noticed a Killer Klown
 61967 | Zig:4    | Noticed a Killer Klown
 61971 | Zig:4    | Noticed a Killer Klown
 61980 | Zig:4    | Killed a Killer Klown
 61995 | Zig:4    | Killed a Killer Klown
 62156 | Zig:4    | Identified the +6 spear of the Eleven Knives {elec, *Rage
                  | rElec rC+ Stlth+}
 62167 | Zig:4    | Identified the +0 ring mail "Hyob" {rF+ rC+ Will+}
 62183 | Zig:5    | Entered Level 5 of a ziggurat
 62363 | Zig:5    | Identified the +5 hand axe of the Onslaught {flame, Will+
                  | Stlth+}
 62367 | Zig:6    | Entered Level 6 of a ziggurat
 62379 | Zig:6    | Noticed Nadaf the pandemonium lord
 62389 | Zig:6    | Killed Nadaf the pandemonium lord
 62410 | Zig:6    | Gained mutation: Your flesh is cold resistant. (rC+)
                  | [hidden potential]
 62600 | Zig:6    | Got Asmodeus's Quarto of Bruises
 62602 | Zig:6    | Identified the staff "Orumn" {rF+ Str+6 Fire Alchemy}
 62605 | Zig:6    | Identified the amulet of Due Proportion {RegenMP Str+3}
 62610 | Zig:7    | Entered Level 7 of a ziggurat
 62793 | Zig:8    | Entered Level 8 of a ziggurat
 62926 | Zig:8    | Identified the +3 plate armour of Kaoschoma {Harm}
 62935 | Zig:8    | Identified the +2 ring mail "Omiajax" {rPois Dex+5 Slay+3}
 62947 | Zig:8    | Reached XP level 26. HP: 292/292 MP: 37/37
 62956 | Zig:9    | Entered Level 9 of a ziggurat
 63154 | Zig:9    | Got Sif Muna's Secrets of Non-Euclidean Incineration
 63181 | Zig:9    | Reached XP level 27. HP: 300/300 MP: 37/37
 63192 | Zig:10   | Entered Level 10 of a ziggurat
 63348 | Zig:10   | Identified the +6 flail "Ruudinis" {drain, Str+5 Dex+2}
 63388 | Zig:10   | Acquired the amulet of Doimerro {Spirit Will+++ Dex-4
                  | Stlth+}
 63390 | Zig:10   | Acquired 1015 gold pieces
 63880 | Zig:11   | Entered Level 11 of a ziggurat
 64232 | Zig:11   | Identified the +3 buckler "Itwen" {rN+ Slay+4}
 64265 | Zig:12   | Entered Level 12 of a ziggurat
 64292 | Zig:12   | Noticed Puifrevin the pandemonium lord
 64304 | Zig:12   | Killed Puifrevin the pandemonium lord
 64476 | Zig:12   | Identified the ring of Essojom {rN+++ rCorr Int-5 Dex+2
                  | Slay-5}
 64478 | Zig:12   | Identified the ring "Aweceg Mile" {Ice rN+ Str+4}
 64521 | Zig:13   | Entered Level 13 of a ziggurat
 64549 | Zig:13   | Was forgiven by Okawaru
 64731 | Zig:13   | Identified the staff of an ice cave {rPois rF+ rC+ Int+4
                  | Dex+4 Alchemy}
 64780 | Zig:14   | Entered Level 14 of a ziggurat
 64849 | Zig:14   | Reached skill level 27 in Shields
 64865 | Zig:14   | Reached skill level 10 in Throwing
 65064 | Zig:14   | Identified the +2 robe of Syndicalism {-Tele rC- Int+5
                  | Dex+3}
 65078 | Zig:14   | Identified the +11 demon whip "Catooh" {flame, rF+}
 65122 | Zig:15   | Entered Level 15 of a ziggurat
 65136 | Zig:15   | Paralysed by an air elemental for 1 turns
 65381 | Zig:15   | Identified the +3 great sword of Weahoqiy {pain, rF+}
 65384 | Zig:15   | Identified the staff of Daoj {^Contam rF+ rC+ Stlth+ Ice}
 65385 | Zig:15   | Identified the ring "Koopeila" {Wiz rN+++ Str+6 Dex-4}
 65393 | Zig:15   | Identified the ring "Naryotoj" {Fly rC- Will+ rCorr}
 65399 | Zig:15   | Identified the +0 scale mail of the Arcane {Stlth+}
 65442 | Zig:16   | Entered Level 16 of a ziggurat
 65738 | Zig:16   | Found the necklace of Bloodlust {Fury *Rage Will++ Int-3
                  | Slay+6}
 65750 | Zig:16   | Identified the +2 eveningstar "Gaona" {flame, rN++ Str+2}
 65774 | Zig:16   | Identified the +9 shortbow of Cruel Justice {antimagic,
                  | rPois rC+++ Dex-4 Stlth+}
 65805 | Zig:17   | Entered Level 17 of a ziggurat
 65850 | Zig:17   | The Shining One protects you from harm!
 65852 | Zig:17   | HP: 20/453 [entropy weaver (6)]
 65852 | Zig:17   | HP: 8/453 [entropy weaver (12)]
 65853 | Zig:17   | Mangled by an iron golem

Illustrated notes

Levels and vault maps discovered:
D:1:      minmay_arrival_arboretum_small, layout_rooms
D:2:      layout_rooms, eino_tiny_chamber, minmay_divided_ellipse
D:3:      layout_basic, chequers_ecumenical_altar_island
D:4:      layout_basic, mainiacjoe_overflow_cross_hatched, serial_shops, shop,
          fountainhead, uniq_sigmund
D:5:      layout_loops_corners, makhleb_heckhound_becter,
          minmay_temple_entry_junction_2, dk_rats_in_the_wall, uniq_grinder
D:6:      layout_loops_ring, nicolae_hepliaklqana_hippocampus,
          serial_library_hellmonk_open_square, reono_crystal_passage,
          lightli_orcish_oven
D:7:      minmay_the_grid_square_5x5_3x3
          [minmay_the_grid_square_5x5_hollow_slash,
          minmay_the_grid_square_5x5_corner, minmay_the_grid_square_5x5_dogpile,
          minmay_the_grid_square_5x5_longway,
          minmay_the_grid_square_5x5_megaprize_open,
          minmay_the_grid_square_5x5_shrine1,
          minmay_the_grid_square_5x5_tetrominoes,
          minmay_the_grid_square_5x5_three_small,
          minmay_the_grid_square_5x5_minibox], layout_rooms,
          nicolae_uskayaw_suspiria, gammafunk_temple_overflow_pools,
          lemuel_zombie_altar_kikubaaqudgha,
          yredelemnul_forgotten_temple_becter, chequers_serial_rivers_small_3,
          minivault_19, hangedman_minor_gate_pass, uniq_crazy_yiuf_cottage,
          uniq_joseph
D:8:      layout_loops_ring, david_lair_shrubbed, serial_bayou_pond_d
D:9:      layout_long_grid, nicolae_overflow_hidden_temple, hiddenorc1_lemuel,
          glass_columns_c, uniq_prince_ribbit1, uniq_erolcha, uniq_psyche,
          uniq_maggie
D:10:     layout_stronghold, nicolae_shop_sticking_my_neck_out
D:11:     layout_irregular_city, serial_undead, serial_undead_e,
          serial_undead_c, serial_undead_f, serial_undead_b,
          nicolae_wu_jian_immortal_techniques
D:12:     layout_stronghold, serial_ice, serial_ice_m, serial_ice_n,
          serial_ice_g, serial_ice_h, portal_ice_cave_rime,
          kennysheep_slug_shrine
D:13:     layout_rooms, uniq_josephine, uniq_sonja
D:14:     layout_cave_pools, david_vaults_2, ashenzari_conservatory_becter
D:15:     hellmonk_depths_entry_around_the_bend, layout_cross, billiards_dpeg
Temple:   nicolae_temple_figure_eight
Lair:1:   layout_regular_city, minivault_11, nzn_random_ring
Lair:2:   layout_cave_pods, pdpol_lair_neglected_garden, uniq_erica
Lair:3:   layout_cave_shapes, mainiacjoe_swamp_entry_angry_trees,
          nicolae_snake_entry_squirm, gauntlet_entry_generic,
          infiniplex_staircase_pool_2
Lair:4:   layout_regular_city, nicolae_slime_entry_field_trip,
          nicolae_volcano_entry_vermiform, grunt_megastairs_3,
          serial_bayou_shore_a, uniq_snorg
Lair:5:   hangedman_lair_caniforms_friends, layout_gridlike, basic_altar,
          st_stairs_8, eino_house_with_fridge, grunt_megastairs_1,
          infiniplex_staircase_pool, lemuel_fruit_tree, lemuel_fruit_fields
Swamp:1:  layout_falls_marsh, hangedman_swamp_pad, swamp_pool_1_2
Swamp:2:  layout_basic_swamp, nicolae_swamp_treefoil, nicolae_swamp_big_swirl,
          swamp_pool_4, nicolae_swamp_tree_designs, uniq_jorgrun
Swamp:3:  layout_basic_swamp, evilmike_swamp_ruin_house_2,
          nicolae_swamp_snake_nest
Swamp:4:  swamp_alternative, layout_basic_swamp, uniq_nikola
Snake:1:  layout_misc_corridors
Snake:2:  layout_basic, uniq_vashnia
Snake:3:  layout_layer_cave, serial_shops, shop_fountains, shop,
          nicolae_snake_yet_another_twisty_hallway, minmay_shop_grove,
          uniq_aizul, uniq_saint_roka, uniq_mlioglotl, uniq_louise
Snake:4:  minmay_snake_end_coiled, layout_basic
Slime:1:  layout_caves
Slime:2:  layout_caves, nicolae_slime_barrier
Slime:3:  layout_caves
Slime:4:  layout_caves
Slime:5:  slime_pit_nicolae_amoeboid
Orc:1:    layout_diamond_mine
Orc:2:    st_orc_mages, layout_caves, david_defended_altar_orc
Elf:1:    nicolae_elf_arrival_aired_out, layout_onion_city,
          minmay_elf_demonology
Elf:2:    nicolae_elf_blades_crystal_corner, layout_rooms, minmay_shop_star,
          grunt_megastairs_5
Elf:3:    minmay_elf_hall_hex, layout_loops_cross, serial_shops, shop,
          serial_co_window_serial, co_window_paths_a, co_window_paths_a,
          co_window_paths_a, co_window_paths_a, co_window_paths_b,
          co_window_unsneaky_path_c, co_window_unsneaky_path_e,
          co_window_of_opportunity_c, co_window_corner_cb,
          co_window_unsneaky_path_d, glass_columns_b, glass_columns_b,
          glass_columns_c
Vaults:1: v_misc_9, nicolae_vaults_sesquioval_fish, nicolae_vaults_two_Ls,
          vaults_dpeg_cross, nicolae_vaults_gold_heap,
          nicolae_vaults_network_periphery, grunt_vaults_swirl,
          nicolae_vaults_tangram_1, v_misc_26, nicolae_vaults_tetromino_Z_1,
          layout_vaults_quadrants, uniq_zenata
Vaults:2: portal_desolation_entry_salt, vaults_room_pool,
          ontoclasm_vaults_ring_square, hangedman_vaults_stitches,
          hangedman_vaults_pinch, vaults_standard_mumra_lines,
          nicolae_vaults_triangles, nicolae_vaults_more_shelving_1,
          vaults_room_fours, vaults_dpeg_encased_lava, layout_vaults_big_room,
          minmay_crypt_entry_nasty_monster, serial_shops,
          nicolae_shop_getting_attention, uniq_margery
Vaults:3: st_check, nicolae_vaults_doubleplus_tesselated,
          nicolae_vaults_shrinking_rooms_2, nicolae_vaults_mini_display_case,
          v_pattern_1, dpeg_vaults_monster_box, v_misc_26,
          nicolae_vaults_storage_room_doors, vaults_dpeg_diagonal,
          nicolae_vaults_little_squares_3, layout_vaults_omnicross,
          serial_shops, nicolae_shop_behind_doors
Vaults:4: nicolae_vaults_mush_room, nicolae_vaults_spaceships,
          nicolae_vaults_closet_pinwheel_5, vaults_room_stairs_pillars,
          nicolae_vaults_puzzle_piece, nicolae_vaults_prndl,
          nicolae_vaults_hallways_thing, v_misc_29,
          nicolae_vaults_diagonal_hallway_7, nicolae_vaults_asterisk,
          nicolae_vaults_storage_closets_3, hangedman_vaults_river_flow,
          layout_vaults_maze_bifur, serial_shops, shop, shop, shop, shop,
          nicolae_shop_crystal
Vaults:5
Crypt:1:  layout_chaotic_city, grunt_crypt_arrival_webbed
Crypt:2:  layout_regular_city, uniq_boris
Crypt:3:  evilmike_haunted_forest, uniq_frederick, uniq_josephina, uniq_xtahua
Depths:1: minmay_sliced_demisemicircle, layout_gridlike, rand_demon_pan_entry_3,
          hell_entry, grunt_decor_junction, minmay_misc_feat_hallway,
          minmay_st_funbox, lightli_fourway_metalbox
Depths:2: hangedman_cross_veins, layout_twisted_cross, pan_entry, hell_entry,
          minmay_misc_feat_cross
Depths:3: minmay_ornate_pinched, layout_gridlike, abyss_entry,
          mu_enter_wizlab_7, grunt_metal_band, hangedman_abyss_or_decor_stagger,
          grunt_ministairs_1, nicolae_alphabet_shops, minmay_staircase_bubble,
          firewood_loft
Depths:4: evilmike_zot_entry_argh, layout_basic, enter_ziggurat_b, hell_entry,
          grunt_gozag_statues
Zig:17

Skill      XL: |  1  2  3  4  5  6  7  8  9 10 11 12 13 14 15 16 17 18 19 20 21 22 23 24 25 26 27 |
---------------+----------------------------------------------------------------------------------+-----
Axes           | 3 4 6 8 10 12 14 17 19 21 22 23 25 26 27 | 27.0
Shields        | 4 5 6 7 9 10 12 13 15 16 17 18 20 22 25 27 | 27.0
Armour         | 4 5 6 7 8 9 10 12 14 16 17 18 20 22 24 27 | 27.0
Fighting       | 4 5 6 7 8 9 11 14 16 17 18 19 20 22 24 25 27 | 27.0
Throwing       | 1 2 3 4 5 7 13 | 13.8
Dodging        | 1 |  1.3
Invocations    | 1 2 3 4 5 6 7 8 9 11 12 13 14 15 16 19 | 19.5
Evocations     | 1 4 |  4.1
Short Blades   | |  0.5
Long Blades    | |  0.6
Maces & Flails | |  0.6
Polearms       | |  0.6
Staves         | |  0.6
Ranged Weapons | |  0.5
Unarmed Combat | |  0.9
Spellcasting   | |  0.3
Conjurations   | |  0.3
Hexes          | |  0.3
Summonings     | |  0.4
Necromancy     | |  0.3
Translocations | |  0.5
Fire Magic     | |  0.2
Ice Magic      | |  0.5
Air Magic      | |  0.4
Earth Magic    | |  0.5
Alchemy        | |  0.4
Shapeshifting  | |  0.2

Action                     |  1- 3 |  4- 6 |  7- 9 | 10-12 | 13-15 | 16-18 | 19-21 | 22-24 | 25-27 || total
---------------------------+-------+-------+-------+-------+-------+-------+-------+-------+-------++-------
  Melee: War axe           |    96 |    89 |     5 |       |       |       |       |       |       ||   190
         Headbutt          |     7 |    12 |    25 |    45 |   103 |   136 |   172 |   335 |   279 ||  1114
         Executioner's axe |       |       |   142 |   277 |   597 |   704 |   855 |    43 |       ||  2618
         Broad axe         |       |       |       |       |       |       |    32 |  1030 |   809 ||  1871
         Punch             |       |       |       |       |       |       |       |    12 |       ||    12
  Throw: Dart              |       |     4 |       |       |       |       |       |       |       ||     4
         Javelin           |       |       |       |       |       |       |    28 |    15 |    31 ||    74
 Invoke: Heroism           |       |       |     1 |     2 |     7 |     8 |    17 |    24 |       ||    59
         Receive Weapon    |       |       |       |     1 |       |       |       |       |       ||     1
         Receive Armour    |       |       |       |     1 |       |       |       |       |       ||     1
         Finesse           |       |       |       |       |     1 |     2 |     4 |     5 |       ||    12
         Divine Shield     |       |       |       |       |       |       |       |       |    15 ||    15
         Cleansing Flame   |       |       |       |       |       |       |       |       |    18 ||    18
         Brand Weapon With |       |       |       |       |       |       |       |       |     1 ||     1
Ability: Evoke Invisibilit |       |       |       |       |       |       |     1 |       |       ||     1
  Evoke: Wand              |       |       |       |       |     4 |       |       |       |     2 ||     6
    Use: Scroll            |       |     3 |     6 |     8 |     9 |    17 |    11 |    23 |     6 ||    83
         Potion            |       |       |     2 |       |     1 |     1 |     8 |    17 |     9 ||    38
   Stab: Petrifying        |       |       |       |       |     2 |       |       |       |       ||     2
         Distracted        |       |       |       |       |     1 |       |       |       |       ||     1
         Invisible         |       |       |       |       |       |       |     4 |       |       ||     4
 Armour: Scale mail        |    70 |    56 |    36 |       |       |       |       |       |       ||   162
         Plate armour      |       |       |    89 |   232 |       |       |       |       |       ||   321
         Crystal plate arm |       |       |       |    94 |   621 |   698 |   761 |   287 |       ||  2461
         Gold dragon scale |       |       |       |       |       |       |       |   490 |   403 ||   893
  Dodge: Dodged            |    55 |    38 |    69 |    92 |   148 |   200 |   230 |   210 |   104 ||  1146
  Block: Buckler           |    31 |    21 |     3 |       |       |       |       |       |       ||    55
         Other             |       |       |       |       |   109 |   113 |   112 |    35 |       ||   369
         Reflection        |       |       |       |       |     6 |    11 |    23 |    40 |   139 ||   219
         Kite shield       |       |       |       |       |       |       |       |   481 |       ||   481
         Tower shield      |       |       |       |       |       |       |       |   126 |  1096 ||  1222
